 Dungeon Crawl Stone Soup version 0.31-a0-1178-gc5c9b8f871 (webtiles) character file.

Game seed: 16643678327268688108

118 grandjackal the Chopper (level 4, -1/35 HPs)
             Began as a Demonspawn Gladiator on Dec 12, 2023.
             Killed from afar by an orc wizard (8 damage)
             ... with a magic dart
             ... on level 4 of the Dungeon.
             The game lasted 00:02:03 (2038 turns).

grandjackal the Chopper (Demonspawn Gladiator)      Turns: 2038, Time: 00:02:05

Health: -1/35      AC: 11    Str: 16    XL:     4   Next: 72%
Magic:  4/4        EV:  5    Int:  8    God:
Gold:   178        SH:  0    Dex: 15    Spells: 3/3 levels left

rFire   . . .        a - +0 war axe
rCold   . . .        (no shield)
rNeg    . . .        i - +0 plate armour
rPois   .            c - +0 helmet
rElec   .            (no cloak)
rCorr   .            (no gloves)
SInv    .            (no boots)
Will    .....        (no amulet) Stlth
                     (no ring)
HPRegen 0.25/turn    (no ring)
MPRegen 0.09/turn

%: no passive effects
@: confused
A: hooves 1, foul stench 1, condensation shield
a: no special abilities


You were on level 4 of the Dungeon.
You visited 1 branch of the dungeon, and saw 4 of its levels.

You collected 178 gold pieces.

Inventory:

Hand Weapons
 a - a +0 war axe (weapon)
Missiles
 d - 3 throwing nets (quivered)
 e - 5 javelins
Armour
 c - a +0 helmet (worn)
 i - a +0 plate armour (worn)
Wands
 q - a wand of charming (13)
Scrolls
 b - 5 scrolls of identify {unknown}
 j - 3 scrolls of revelation {unknown}
 l - a scroll of butterflies {unknown}
 n - a scroll of teleportation {unknown}
 o - a scroll of vulnerability {unknown}
 p - a scroll of amnesia {unknown}
Potions
 f - a potion of magic
 g - 2 potions of curing {unknown}
 h - a potion of cancellation {unknown}
 k - a potion of berserk rage {unknown}
 m - a potion of enlightenment {unknown}


   Skills:
 + Level 3.3 Fighting
 + Level 3.5 Axes
 - Level 2.0 Throwing
 + Level 1.5 Armour
 - Level 3.0 Dodging


You had 3 spell levels left.
You didn't know any spells.
Your spell library contained the following spells:

 Spells                   Type           Power      Damage    Failure   Level
 Tukima's Dance           Hex            0%         N/A       100%        3
 Dimensional Bullseye     Hex/Tloc       0%         N/A       100%        4
 Iskenderun's Mystic Bla  Conj/Tloc      0%         2d3       100%        4
 Malign Gateway           Summ/Tloc      0%         N/A       100%        7
 Summon Horrible Things   Summ           0%         N/A       100%        8


Dungeon Overview and Level Annotations

Branches:
Dungeon (4/15)
 Temple: D:4-7

Altars:
Fedhas
Qazlal
Wu Jian


Innate Abilities, Weirdness & Mutations

You have large cloven feet.
You may rarely emit foul miasma when damaged in melee.
A meltable shield of frost defends you. (SH +0)


Message History

You block the hound's attack. The endoplasm freezes you.
You are frozen.
The hound bites you but does no damage.
You slash the endoplasm!
You kill the endoplasm!
You hit the hound but do no damage. You hit the orc.
The hound bites you but does no damage. x2
The orc hits you but does no damage.
Unknown command.
You slash the orc!
You kill the orc!
You hit the hound. You closely miss the orc wizard. The hound bites you.
The orc wizard gestures at you while chanting.
You are confused.
A hobgoblin comes into view.
The hound bites you. The hound bites you but does no damage.
The orc wizard hits you but does no damage.
You are too confused!
Unknown command.
You are too confused!
You are too confused!
Unknown command.
You are too confused!
You hit the orc wizard. You kick the orc wizard.
The orc wizard is heavily wounded.
You miss the hound. You hit the hound. The hound bites you.
The hound bites you but does no damage. x2
The orc wizard casts a spell at you. The puff of flame hits you!
Your condensation shield dissipates!
* * * LOW HITPOINT WARNING * * *
The hound barely misses you.
It was a potion of magic.
Magic courses through your body. The hound bites you.
* * * LOW HITPOINT WARNING * * *
The hound bites you.
* * * LOW HITPOINT WARNING * * *
The orc hits you but does no damage.
The orc wizard gestures at you while chanting.
The magic dart hits you!
You die...

#~♣~~.~P~♣
#♣♣≈~.~~~♣
#♣PP~P~~
#PP~.~~~♣
##P~~~~g .
#P♣~.~P~#
##....♣P ..
#♣♣~.~~P#
#......♣...
♣~.~~♣#
.....$....
#♣♣~.~P~♣#
.........
#♣~P~.~~P~#
##hh.....<
#~~~~.~~~~#
#.@o......
#P~~~.~~~♣#
#.#o......
#~~~~.~~~~#
#.####...#
#~~~~.~~♣##
#.# ..#
##♣~~.~~#
###.# #
#~P.~####...#
##...###..###
#.......##
#########


You could see 2 hounds, an orc wizard, an orc and a hobgoblin.

Vanquished Creatures
  3 adders
  A shadow imp (D:4)
  3 worms
  3 dart slugs
  2 orcs (D:4)
  6 bats
  10 endoplasms
  5 giant cockroaches
  5 goblins
  3 hobgoblins
  7 jackals
  2 quokkas
  3 ball pythons
  A frilled lizard (D:1)
  2 kobolds
  5 rats
61 creatures vanquished.

Notes
Turn   | Place    | Note
-------+----------+-------------------------------------------
     0 | D:1      | grandjackal the Demonspawn Gladiator began the quest for
                  | the Orb.
     0 | D:1      | Reached XP level 1. HP: 16/16 MP: 1/1
   100 | D:1      | Gained mutation: You may rarely emit foul miasma when
                  | damaged in melee. [demonic ancestry]
   100 | D:1      | Reached XP level 2. HP: 21/22 MP: 2/2
   624 | D:2      | Gained mutation: You have large cloven feet. [demonic
                  | ancestry]
   624 | D:2      | Reached XP level 3. HP: 28/28 MP: 3/3
   699 | D:2      | Found a blossoming altar of Fedhas.
  1051 | D:2      | Reached skill level 1 in Armour
  1095 | D:2      | Gained mutation: A meltable shield of frost defends you.
                  | (SH +0) [demonic ancestry]
  1095 | D:2      | Reached XP level 4. HP: 35/35 MP: 4/4
  1404 | D:3      | Found a stormy altar of Qazlal.
  1465 | D:3      | Found an ornate altar of the Wu Jian Council.
  2038 | D:4      | Killed from afar by an orc wizard

Illustrated notes

Levels and vault maps discovered:
D:1:      onia_arrival_mini_maze, layout_basic
D:2:      layout_loops_cross, basic_altar
D:3:      layout_rooms, grunt_qazlal_clouds, nicolae_wu_jian_wuxing_cycle,
          st_stairs_8
D:4:      layout_cave_pools, zin_academy, mainiacjoe_overflow_alcove_1,
          temple_pool_b, serial_bayou, serial_bayou_crossing,
          serial_bayou_pond_c, serial_bayou_pond_e, serial_bayou_lagoon_b,
          hangedman_decor_peaks_small, uniq_natasha

Skill      XL: |  1  2  3 |
---------------+----------+-----
Throwing       | 2 |  2.0
Axes           | 3 |  3.5
Dodging        | 3 |  3.0
Armour         | 1 |  1.5
Fighting       | 3 |  3.3

Action                     |  1- 3 |  4- 6 || total
---------------------------+-------+-------++-------
  Melee: War axe           |   110 |    54 ||   164
         Kick              |     8 |    11 ||    19
    Use: Potion            |       |     1 ||     1
   Stab: Sleeping          |     2 |       ||     2
 Armour: Leather armour    |    22 |       ||    22
         Plate armour      |    72 |    55 ||   127
  Dodge: Dodged            |    53 |    12 ||    65
  Block: Other             |       |    11 ||    11

Table legend: (Time is in decaauts)
 A = Elapsed time spent in this place.
 B = Non-inter-level travel time spent in this place.
 C = Inter-level travel time spent in this place.
 D = Time resting spent in this place.
 E = Time spent auto-exploring this place.
 F = Levels seen in this place.
 G = Mean time per level.
                   A        B        C        D        E       F      G
               +--------+--------+--------+--------+--------+-----+--------+
         Total |   2099 |   2024 |     75 |    124 |   1476 |   4 |  524.8 |
       Dungeon |   2099 |   2024 |     75 |    124 |   1476 |   4 |  524.8 |
               +--------+--------+--------+--------+--------+-----+--------+

Top non-repeatable levels by time:
     D:2: 702 daAuts
     D:1: 603 daAuts
     D:3: 481 daAuts
     D:4: 312 daAuts
